 Dungeon Crawl Stone Soup version 0.28-a0-1624-g820543e53a (webtiles) character file.

Game seed: 2001212986289296978

119 YungCoward the Skirmisher (level 5, -12/33 HPs)
             Began as a Gargoyle Fighter on Jan 23, 2022.
             Killed by divine providence
             ... invoked by an orc priest
              (15 damage)
             ... on level 3 of the Dungeon.
             The game lasted 00:09:59 (2053 turns).

YungCoward the Skirmisher (Gargoyle Fighter)        Turns: 2053, Time: 00:09:59

Health: -12/33     AC: 13    Str: 20    XL:     5   Next: 3%
Magic:  0/5        EV:  8    Int:  8    God:
Gold:   70         SH:  8    Dex: 11    Spells: 4/4 levels left

rFire   . . .      SeeInvis .   a - +0 flail
rCold   . . .      Faith    .   k - +0 kite shield
rNeg    + . .      Spirit   +   b - +1 scale mail
rPois   ∞          Reflect  .   (no helmet)
rElec   +          Harm     .   (no cloak)
rCorr   .          Rampage  .   (no gloves)
Will    .....                   l - +0 pair of boots
Stlth   ..........              m - amulet of guardian spirit
HPRegen 0.11/turn               (no ring)
MPRegen 0.09/turn               (no ring)

@: no status effects
A: sickness immunity, AC +4, negative energy resistance 1, electricity
resistance, torment resistance 1, petrification resistance
a: no special abilities


You were on level 3 of the Dungeon.
You visited 1 branch of the dungeon, and saw 3 of its levels.

You collected 70 gold pieces.

Inventory:

Hand Weapons
 a - a +0 flail (weapon)
Missiles
 e - 2 throwing nets (quivered)
Armour
 b - a +1 scale mail (worn)
 c - a +0 buckler
 k - a +0 kite shield (worn)
 l - a +0 pair of boots (worn)
Jewellery
 m - an amulet of guardian spirit (around neck)
Scrolls
 i - a scroll of immolation
 n - a scroll of summoning {unknown}
Potions
 d - 2 potions of might
 f - a potion of cancellation {unknown}
 g - a potion of mutation {unknown}
 h - a potion of ambrosia {unknown}
 j - a potion of attraction {unknown}


   Skills:
 + Level 4.0 Fighting
 + Level 3.6 Maces & Flails
 + Level 3.6 Armour
 + Level 0.7 Dodging
 + Level 3.8 Shields


You had 4 spell levels left.
You didn't know any spells.
Your spell library contained the following spells:

 Spells                   Type           Power      Damage    Failure   Level
 Magic Dart               Conj           0%         1d3       98%         1
 Call Imp                 Summ           0%         N/A       99%         2
 Mephitic Cloud           Conj/Pois/Air  0%         N/A       100%        3
 Ozocubu's Armour         Ice            0%         N/A       100%        3
 Ozocubu's Refrigeration  Ice            0%         4d5       100%        7


Dungeon Overview and Level Annotations

Branches:
Dungeon (3/15)

Altars:
Beogh


Innate Abilities, Weirdness & Mutations

You are immune to sickness and miasma.
Your stone body is resilient. (AC +4)
You are immune to poison.
You resist negative energy. (rN+)
You are resistant to electric shocks. (rElec)
You are resistant to unholy torment.
You are immune to petrification.


Message History

You thump the bullfrog skeleton!
The bullfrog skeleton is severely damaged.
The bullfrog skeleton hits you but does no damage.
The kobold hits you but does no damage.
The bullfrog skeleton hits you but does no damage.
You sock the bullfrog skeleton!
You destroy the bullfrog skeleton!
The kobold barely misses you. You block the kobold's attack.
Your Fighting skill increases to level 4!
You have reached level 5!
You barely miss the kobold. The kobold hits you but does no damage.
You closely miss the kobold. The kobold hits you but does no damage.
You barely miss the kobold. You block the kobold's attack.
The kobold barely misses you.
You sock the kobold!
You kill the kobold!
No target in view!
Things that are here:
a +0 short sword; 4 stones; a kobold corpse You open the door.
An orc, 2 orc priests and an orc wizard come into view.
The orc priest shouts!
The orc shouts!
The orc priest shouts!
The orc wizard shouts!
Found 63 gold pieces, 5 stones and a scroll labelled DIADDU BECHIU.
Found a roughly hewn altar of Beogh.
The orc priest calls down the wrath of Beogh upon you.
Pain shoots through your body!
The orc wizard casts a spell.
The orc wizard flickers and vanishes!
Deactivating autopickup; reactivate with Ctrl-A.
The orc priest invokes the aid of Beogh against you.
Beogh smites you!
The orc priest calls down the wrath of Beogh upon you.
Beogh smites you!
The orc priest mumbles some strange prayers to Beogh against you.
Beogh smites you!
* * * LOW HITPOINT WARNING * * *
The orc priest invokes the aid of Beogh against you.
Beogh smites you!
You die...

#{..## ###(8$8$# ##### #.'..$o_#
#...# #o#.8.8.###...## ##### #.#
.?$##.....#.
#...#####o######..#.....
#.#....##...####......## ####
#.####..###.#.....>..... ...#
#.....>@..o.#######.###.
...#######..#####.#### #.# #.
#.......(...# #..## #.# ##
......#..#.## ##..### #.####
#.....##....#######...### ##.#...
#.....##....##..........###....##
#.....##..........).).#..........
#.....##....##........##.##...##.
#...........##...................


You could see an orc priest.

Vanquished Creatures
  A bullfrog skeleton (D:3)
  A gnoll (D:1)
  An adder (D:3)
  4 dart slugs
  2 orcs (D:3)
  4 endoplasms
  A giant cockroach (D:3)
  7 goblins
  4 hobgoblins
  10 jackals
  8 kobolds
  2 quokkas (D:3)
  4 ball pythons
  2 bats (D:1)
  3 frilled lizards
  2 rats
56 creatures vanquished.

Notes
Turn   | Place    | Note
-------+----------+-------------------------------------------
     0 | D:1      | YungCoward the Gargoyle Fighter began the quest for the
                  | Orb.
     0 | D:1      | Reached XP level 1. HP: 14/14 MP: 1/1
    45 | D:1      | Found a faded altar of an unknown god.
   120 | D:1      | Reached XP level 2. HP: 19/19 MP: 2/2
   532 | D:1      | Reached XP level 3. HP: 12/24 MP: 3/3
  1536 | D:3      | Reached XP level 4. HP: 28/29 MP: 4/4
  1978 | D:3      | Reached skill level 4 in Fighting
  1978 | D:3      | Reached XP level 5. HP: 33/33 MP: 5/5
  2053 | D:3      | Killed from afar by an orc priest

Illustrated notes

Levels and vault maps discovered:
D:1:      roderic_octagonal_star, layout_basic,
          hellmonk_ecumenical_altar_blasted, minmay_misc_feat_nine_boxes,
          hangedman_decor_riveting
D:2:      layout_basic, uniq_terence
D:3:      layout_rooms, kennysheep_orc_chapel

Skill      XL: |  1  2  3  4 |
---------------+-------------+-----
Maces & Flails | 3 |  3.6
Fighting       | 4 |  4.0
Armour         | |  3.6
Dodging        | |  0.7
Shields        | |  3.8

Action                   |  1- 3 |  4- 6 || total
-------------------------+-------+-------++-------
Melee: Flail             |    99 |    61 ||   160
  Use: Scroll            |     2 |       ||     2
Armor: Scale mail        |    79 |    42 ||   121
Dodge: Dodged            |    74 |    26 ||   100
Block: Buckler           |    31 |       ||    31
       Kite shield       |     4 |    44 ||    48

Table legend: (Time is in decaauts)
 A = Elapsed time spent in this place.
 B = Non-inter-level travel time spent in this place.
 C = Inter-level travel time spent in this place.
 D = Time resting spent in this place.
 E = Time spent auto-exploring this place.
 F = Levels seen in this place.
 G = Mean time per level.
                   A        B        C        D        E       F      G
               +--------+--------+--------+--------+--------+-----+--------+
         Total |   2110 |   2053 |     57 |      0 |   1556 |   3 |  703.3 |
       Dungeon |   2110 |   2053 |     57 |      0 |   1556 |   3 |  703.3 |
               +--------+--------+--------+--------+--------+-----+--------+

Top non-repeatable levels by time:
     D:1: 1048 daAuts
     D:3: 609 daAuts
     D:2: 452 daAuts
